 Dungeon Crawl Stone Soup version 0.30-a0-629-gd54f4be4f7 (webtiles) character file.

Game seed: 11916694705828354369

3497 kae the Transmogrifier (level 9, -10/59 HPs)
             Began as a Demonspawn Transmuter on Jan 12, 2023.
             Was an Initiate of Ru.
             Killed from afar by Erica (24 damage)
             ... with a bolt of poison
             ... on level 8 of the Dungeon.
             The game lasted 00:08:52 (8598 turns).

kae the Transmogrifier (Demonspawn Transmuter)      Turns: 8598, Time: 00:08:53

Health: -10/59     AC:  5    Str: 16    XL:     9   Next: 80%
Magic:  12/18      EV: 12    Int: 19    God:    Ru [......]
Gold:   413        SH:  0    Dex: 14    Spells: 5/20 levels left

rFire   . . .      SeeInvis .      - Unarmed
rCold   . . .      Faith    .    (shield currently unavailable)
rNeg    . . .      Spirit   .    w - +0 steam dragon scales
rPois   .          Reflect  .    (helmet restricted)
rElec   .          Harm     .    (no cloak)
rCorr   .          Rampage  .    (gloves currently unavailable)
Will    +....                    (boots unavailable)
Stlth   +                        (no amulet)
HPRegen 0.29/turn                S - +6 ring of strength
MPRegen 0.16/turn                j - ring of willpower

@: lethally poisoned (-10 -> -22), blade hands, wereblooded
A: claws 1, hooves 3, horns 1, icemail 1, condensation shield
a: End Transformation, Renounce Religion


You were on level 8 of the Dungeon.
You worshipped Ru.
Ru was noncommittal.
You had blades for hands.
You visited 2 branches of the dungeon, and saw 9 of its levels.

You collected 413 gold pieces.


Innate Abilities, Weirdness & Mutations

You have blades for hands.
Your spellcasting is less reliable in this form.
You are incapable of wielding weapons or throwing items.
You have sharp fingernails.
You have hooves in place of feet.
You have a pair of small horns on your head.
A meltable icy envelope protects you from harm. (AC +0)
A meltable shield of frost defends you. (SH +0)


   Skills:
 - Level 1.0 Fighting
 - Level 1.7 Dodging
 + Level 6.8 Unarmed Combat
 + Level 6.3 Spellcasting
 * Level 9.0 Transmutations
 - Level 3.0 Ice Magic
 - Level 1.6 Poison Magic


You had 5 spell levels left.
You knew the following spells:

 Your Spells              Type           Power      Damage    Failure   Level
a - Beastly Appendage     Tmut           80%        N/A       10%         1
b - Wereblood             Tmut           40%        N/A       11%         2
c - Spider Form           Tmut/Pois      26%        N/A       28%         3
d - Ice Form              Ice/Tmut       28%        N/A       43%         4
e - Blade Hands           Tmut           20%        N/A       41%         5

Your spell library contained the following spells:

 Spells                   Type           Power      Damage    Failure   Level
 Passwall                 Tmut/Erth      19%        N/A       24%         2
 Ensorcelled Hibernation  Hex/Ice        22%        N/A       43%         2
 Sandblast                Erth           12%        2d6       47%         1
 Gell's Gravitas          Tloc           6%         N/A       75%         3
 Lesser Beckoning         Tloc           12%        N/A       75%         3
 Stone Arrow              Conj/Erth      12%        3d7       75%         3
 Swiftness                Air            6%         N/A       75%         3
 Teleport Other           Tloc           6%         N/A       75%         3
 Irradiate                Conj/Tmut      11%        3d15      83%         5
 Dragon Form              Tmut           20%        N/A       99%         7

Inventory:

Missiles
 e - 46 stones
 o - 2 boomerangs
Armour
 a - a +0 robe
 q - a +1 helmet of see invisible
   (You found it on level 6 of the Dungeon)
 w - +0 steam dragon scales (worn)
   (You took it off Maggie on level 7 of the Dungeon)
Jewellery
 j - a ring of willpower (right blade hand)
   (You found it on level 3 of the Dungeon)
 N - a ring of positive energy
   (You found it on level 2 of the Dungeon)
 S - a +6 ring of strength (left blade hand)
   (You found it on level 6 of the Dungeon)
Wands
 d - a wand of flame (26)
   (You found it on level 3 of the Dungeon)
 g - a wand of roots (3)
   (You found it on level 4 of the Dungeon)
 k - a wand of charming (4)
   (You took it off Ijyb on level 3 of the Dungeon)
 p - a wand of digging (11)
   (You found it on level 6 of the Dungeon)
Scrolls
 h - 2 scrolls of teleportation {@r4}
 r - a scroll of magic mapping {!r}
 s - a scroll of enchant weapon
 u - 4 scrolls of identify {@r1}
Potions
 b - a potion of mutation {!q}
 c - 2 potions of heal wounds {@q2}
 f - 2 potions of curing {@q1}
 i - 2 potions of flight
 l - a potion of cancellation
 m - a potion of might
 n - 2 potions of attraction {!q}

Dungeon Overview and Level Annotations

Branches:
Dungeon (8/15) Zot: 26872  Temple (1/1) D:7 Zot: 5794
   Lair: D:8-11

Altars:
Ashenzari
Cheibriados
Fedhas
Gozag
Kikubaaqudgha
Makhleb
Nemelex Xobeh
Okawaru
Qazlal
Ru
Sif Muna
Trog
Uskayaw
Vehumet
Wu Jian

Annotations:
D:8 Erica

........##.....#
....##........##
...####........# .#..#
###......# ##.## #......##
##.# #.#.....### ....
##..###....### ## ..##
#...###......# #.#### ?.#
#....##...@..# .....#
....#...#.......#@###......
........#......##{.........
......###....####.......#..
...............####........
...............#...#)......
................... .......
... ..#......._............
... ..#....................


You could see Erica.


Message History

There is a stone staircase leading down here.
You climb downwards.
Found 17 gold pieces.
Found a stone staircase leading down and a stone staircase leading up.
There is a stone staircase leading up here. 😎 HP[+9]
Your hp is fully restored (59).
Okay, then.
Found a stone staircase leading down.
You now have 413 gold pieces (gained 17).
h - 2 scrolls of teleportation {@r4} (gained 1)
A steam dragon comes into view.
Casting: Blade Hands (quite dangerous; 8% risk of failure)
Confirm with . or Enter, or press ? or * to list all spells.
The spell is quite dangerous to miscast (8% risk of failure)!
Continue anyway? [Y]es or [N]o only, please.
The spell is quite dangerous to miscast (8% risk of failure)!
Continue anyway?
Your claws turn into razor-sharp scythe blades.
You hear an angry hiss. 😎 MP[-5]
You lost 5 mp, and now have 13/18 mp.
The steam dragon bites you.
The steam dragon barely misses you. 😕 HP[-3]
You take 3 damage, and now have 56/59 hp.
You slash the steam dragon! You kick the steam dragon.
You slash the steam dragon! Your kick misses the steam dragon.
The steam dragon bites you!
The steam dragon claws you but does no damage. 😕 HP[-6]
You take 6 damage, and now have 50/59 hp.
You slice the steam dragon!!
You kill the steam dragon!
No target in view!
No target in view!
Unknown command.
Your transformation is almost over.
Your claws revert to their normal proportions.
Found a shimmering blue altar of Sif Muna. 😎 HP[+9] MP[+5]
Your hp is fully restored (59).
Your mp is fully restored (18).
e - 46 stones (gained 6)
An orc comes into view. It is wielding a +0 club.
The orc shouts!
You hear a shout! x2
Unknown command.
An orc is nearby!
An orc is nearby!
An orc is nearby!
Erica the Fiery-Tempered comes into view.
She is wielding a +0 scimitar of flaming.
An orc wizard comes into view. It is wielding a +0 dagger.
An orc comes into view. It is wielding a +0 hand axe.
Unknown command.
Casting: Blade Hands (quite dangerous; 8% risk of failure)
Confirm with . or Enter, or press ? or * to list all spells.
The spell is quite dangerous to miscast (8% risk of failure)!
Continue anyway?
Your claws turn into razor-sharp scythe blades. 😎 MP[-5]
You lost 5 mp, and now have 13/18 mp.
Casting: Blade Hands (quite dangerous; 41% risk of failure)
Confirm with . or Enter, or press ? or * to list all spells.
Your blood is infused with primal strength. 😎 MP[-2]
You lost 2 mp, and now have 11/18 mp.
You slash the orc!
You kill the orc!
Your Transmutations skill increases to level 9!
No target in view!
No target in view!
Erica gestures at you while chanting. The bolt of poison hits you!!
You are poisoned.
You see here a +0 club. 😮 HP[-18]
You take 18 damage, and now have 41/59 hp.
MASSIVE DAMAGE!! (PAUSE)
You slash Erica! You kick Erica!
You feel very sick.
Erica hits you with a +0 scimitar of flaming.
Your icy defenses dissipate!
Erica burns you.
The orc wizard casts a spell.
The orc wizard flickers and vanishes!
Deactivating autopickup; reactivate with Ctrl-A. 😮 HP[-11]
You take 11 damage, and now have 30/59 hp.
Unknown command.
You slice Erica!! You kick Erica. You headbutt Erica.
You feel very sick.
Erica hits you with a +0 scimitar of flaming!
* * * LOW HITPOINT WARNING * * *
Erica burns you!
* * * LOW HITPOINT WARNING * * *
😱 HP[-23] MP[+1]
You take 23 damage, and now have 7/59 hp.
MASSIVE DAMAGE!! (PAUSE) Unknown command.
You feel better.
Erica points at you and mumbles some strange words.
The bolt of poison hits you!!
You are poisoned.
You die...

Skill      XL: |  1  2  3  4  5  6  7  8  9 |
---------------+----------------------------+-----
Transmutations | 2 3 4 5 7 9 |  9.0
Unarmed Combat | 3 4 5 6 |  6.8
Poison Magic   | 1 |  1.6
Spellcasting   | 3 4 5 6 |  6.3
Ice Magic      | 2 3 |  3.0
Fighting       | |  1.0
Dodging        | |  1.7

Action                   |  1- 3 |  4- 6 |  7- 9 || total
-------------------------+-------+-------+-------++-------
Melee: Unarmed           |   127 |   141 |   229 ||   497
       Kick              |    33 |    13 |    10 ||    56
       Headbutt          |    16 |     6 |     8 ||    30
       Punch             |     3 |     1 |     1 ||     5
 Cast: Beastly Appendage |    31 |    13 |     3 ||    47
       Spider Form       |       |    12 |     8 ||    20
       Ice Form          |       |       |    17 ||    17
       Wereblood         |       |       |     4 ||     4
       Blade Hands       |       |       |     5 ||     5
 Abil: End Transformatio |       |     1 |     1 ||     2
Evoke: Wand              |       |     5 |       ||     5
  Use: Scroll            |     5 |     2 |    13 ||    20
       Potion            |       |     2 |     2 ||     4
 Stab: Sleeping          |     2 |       |       ||     2
Armor: Robe              |    19 |    11 |     6 ||    36
       Skin              |       |     8 |    46 ||    54
       Steam dragon scal |       |       |     3 ||     3
Dodge: Dodged            |    53 |    92 |   130 ||   275
Block: Other             |    12 |    34 |    35 ||    81

Levels and vault maps discovered:
D:1:      amcnicky_arrival_blooded_trapdoor, layout_basic,
          hangedman_abyss_or_decor_stabs, minmay_octomino_e4
D:2:      layout_basic, ebering_ecumenical_altar_mist, minmay_misc_feat_five,
          minmay_crystal_water
D:3:      layout_rooms, overflow_temple_1_default,
          mainiacjoe_overflow_cross_hatched, serial_bayou, serial_bayou_lake_a,
          serial_bayou_pond_a, serial_bayou_ford_a, serial_bayou_pond_a,
          uniq_terence, uniq_ijyb
D:4:      layout_loops_corners, mainiacjoe_overflow_alcove_1,
          trog_three_pillars_becter, kennysheep_generic_room_10, uniq_grinder,
          uniq_menkaure
D:5:      layout_gridville, minivault_24
D:6:      layout_rooms, serial_corexii_hall, chequers_hall_statues_y,
          corexii_hall_statues_x, chequers_hall_statues_corner_a,
          uniq_prince_ribbit1
D:7:      layout_basic, lemuel_coloured_pillars_altar,
          minmay_temple_entry_enclosed_plants, uniq_maggie, uniq_pikel
D:8:      layout_cave_pools, grunt_temple_overflow_diamond,
          overflow_temple_1_default, serial_column_ruins,
          column_ruins_open_tiny, column_ruins_grid_4, column_ruins_open_tiny,
          column_ruins_grid_1, column_ruins_grid_1, uniq_erica
Temple:   bh_familiar_temple

Notes
Turn   | Place    | Note
-------+----------+-------------------------------------------
     0 | D:1      | kae the Demonspawn Transmuter began the quest for the Orb.
     0 | D:1      | Reached XP level 1. HP: 15/15 MP: 3/3
     0 | D:1      | magus.rc [v1.11.3]
    66 | D:1      | Reached skill level 2 in Transmutations
    69 | D:1      | You pick up a book of Displacement and begin reading...
    69 | D:1      | You add the spells Lesser Beckoning, Gell's Gravitas and
                  | Teleport Other to your library.
   139 | D:1      | You feel monstrous as your demonic heritage exerts itself.
   139 | D:1      | Discovered your monstrous ancestry.
   139 | D:1      | Lost mutation: You have razor-sharp toenails. [demonic
                  | ancestry]
   139 | D:1      | Lost mutation: You have sharp toenails. [demonic ancestry]
   139 | D:1      | Gained mutation: You have large cloven feet. [demonic
                  | ancestry]
   139 | D:1      | Reached XP level 2. HP: 21/21 MP: 3/5
   282 | D:1      | You pick up a book of Displacement and begin reading...
   467 | D:1      | You pick up a book of Transfigurations and begin reading...
   467 | D:1      | You add the spells Irradiate, Blade Hands and Dragon Form
                  | to your library.
   535 | D:1      | Reached skill level 3 in Unarmed Combat
   657 | D:1      | Gained mutation: A meltable shield of frost defends you.
                  | (SH +0) [demonic ancestry]
   657 | D:1      | Reached XP level 3. HP: 22/26 MP: 4/6
   660 | D:1      | Learned a level 2 spell: Wereblood
   664 | D:1      | Learned a level 3 spell: Spider Form
  1134 | D:2      | HP: 6/26 [poisoned by an adder]
  1387 | D:2      | Found a faded altar of an unknown god.
  1649 | D:2      | Reached skill level 1 in Poison Magic
  1936 | D:3      | Lost mutation: You have razor-sharp toenails. [demonic
                  | ancestry]
  1936 | D:3      | Lost mutation: You have sharp toenails. [demonic ancestry]
  1936 | D:3      | Gained mutation: You have hoof-like feet. [demonic
                  | ancestry]
  1936 | D:3      | Reached XP level 4. HP: 32/32 MP: 7/7
  2076 | D:3      | Reached skill level 3 in Transmutations
  2082 | D:3      | HP: 8/32 [orc/+0 flail (9)]
  2241 | D:3      | Noticed Terence
  2256 | D:3      | Killed Terence
  2304 | D:3      | Found a stormy altar of Qazlal.
  2321 | D:3      | Found an opulent altar of Gozag.
  2475 | D:3      | Noticed Ijyb
  2498 | D:3      | Killed Ijyb
  2499 | D:3      | Gained mutation: You have sharp fingernails. [demonic
                  | ancestry]
  2499 | D:3      | Reached XP level 5. HP: 21/37 MP: 7/9
  2864 | D:4      | Found a bloodstained altar of Trog.
  2864 | D:4      | Noticed Menkaure
  2986 | D:4      | Killed Menkaure
  2987 | D:4      | Reached skill level 3 in Spellcasting
  2987 | D:4      | Reached skill level 4 in Transmutations
  2987 | D:4      | Gained mutation: You have hooves in place of feet. [demonic
                  | ancestry]
  2987 | D:4      | Reached XP level 6. HP: 40/43 MP: 7/10
  3501 | D:4      | Found a broken altar of Ashenzari.
  3580 | D:4      | You pick up a book of Burglary and begin reading...
  3580 | D:4      | You add the spells Passwall, Ensorcelled Hibernation and
                  | Swiftness to your library.
  3696 | D:4      | HP: 16/64 [acid (3)]
  3697 | D:4      | Reached skill level 4 in Unarmed Combat
  4031 | D:4      | Noticed Grinder
  4042 | D:4      | Paralysed by Grinder for 5 turns
  4057 | D:4      | Killed Grinder
  4058 | D:4      | Reached skill level 5 in Transmutations
  4058 | D:4      | Reached XP level 7. HP: 14/48 MP: 8/12
  4195 | D:4      | Identified the +4 scale mail of Ryutub {Dex+3}
  4270 | D:5      | Entered Level 5 of the Dungeon
  4335 | D:5      | Learned a level 4 spell: Ice Form
  4402 | D:5      | Reached skill level 4 in Spellcasting
  4494 | D:5      | Reached skill level 1 in Ice Magic
  4645 | D:5      | You pick up a book of Geomancy and begin reading...
  4645 | D:5      | You add the spells Sandblast and Stone Arrow to your
                  | library.
  4670 | D:5      | HP: 10/48 [gnoll/+0 spear (7)]
  4842 | D:5      | Reached skill level 2 in Ice Magic
  5275 | D:5      | Gained mutation: You have a pair of small horns on your
                  | head. [demonic ancestry]
  5275 | D:5      | Reached XP level 8. HP: 23/54 MP: 12/14
  5372 | D:6      | Reached skill level 6 in Transmutations
  5532 | D:6      | Reached skill level 5 in Unarmed Combat
  5613 | D:6      | Reached skill level 3 in Ice Magic
  5739 | D:6      | HP: 14/64 [poisoned by a water moccasin]
  5744 | D:6      | HP: 7/64 [poisoned by a water moccasin]
  5972 | D:6      | Noticed Prince Ribbit
  5983 | D:6      | Killed Prince Ribbit
  5984 | D:6      | Reached skill level 5 in Spellcasting
  5984 | D:6      | Reached skill level 7 in Transmutations
  6504 | D:7      | Learned a level 5 spell: Blade Hands
  6511 | D:7      | Gained mutation: A meltable icy envelope protects you from
                  | harm. (AC +0) [demonic ancestry]
  6511 | D:7      | Reached XP level 9. HP: 51/59 MP: 10/16
  6851 | D:7      | Found a staircase to the Ecumenical Temple.
  6857 | Temple   | Entered the Ecumenical Temple
  7045 | Temple   | Became a worshipper of Ru the Awakened
  7218 | D:7      | Noticed Pikel
  7239 | D:7      | Killed Pikel
  7240 | D:7      | Reached skill level 6 in Unarmed Combat
  7240 | D:7      | Reached skill level 8 in Transmutations
  7251 | D:7      | Noticed Maggie
  7256 | D:7      | HP: 16/70 [poisoned by a killer bee]
  7261 | D:7      | HP: 8/59 [poisoned by a killer bee]
  7262 | D:7      | HP: 2/59 [killer bee (5)]
  7602 | D:7      | Reached skill level 6 in Spellcasting
  7922 | D:7      | Killed Maggie
  7967 | D:7      | Found a burning altar of Makhleb.
  8569 | D:8      | Found a shimmering blue altar of Sif Muna.
  8585 | D:8      | Noticed Erica
  8595 | D:8      | Reached skill level 9 in Transmutations
  8597 | D:8      | HP: 14/59 [Erica/+0 scimitar of flaming (13)]
  8598 | D:8      | Killed from afar by Erica

Vanquished Creatures
  Pikel (D:7)
  Maggie (D:7)
  Grinder (D:4)
  Prince Ribbit (D:6)
  A steam dragon (D:8)
  Menkaure (D:4)
  2 water moccasins (D:6)
  2 orc warriors
  A sky beast (D:7)
  A black bear (D:6)
  4 lemures (D:7)
  2 centaurs (D:6)
  A necrophage (D:6)
  2 bullfrogs (D:7)
  3 scorpions (D:5)
  6 killer bees (D:7)
  4 hounds
  3 orc priests
  3 jellies
  Ijyb (D:3)
  3 iguanas
  6 orc wizards
  Terence (D:3)
  3 gnolls (D:5)
  4 adders
  A white imp (D:6)
  An ufetubus (D:5)
  5 dart slugs
  30 orcs
  7 endoplasms
  3 giant cockroaches
  8 goblins
  6 hobgoblins
  12 kobolds
  2 quokkas
  9 ball pythons
  6 bats
  5 frilled lizards
  12 rats
165 creatures vanquished.

Vanquished Creatures (others)
  7 plants (D:3)
7 creatures vanquished.

Grand Total: 172 creatures vanquished

Table legend:
 A = Non-vault XP
 B = Vault XP
 C = Vault XP percentage of total XP
 D = Non-vault monster count
 E = Vault monster count
 F = Vault count percentage of total count
                 A         B        C        D         E       F
            +---------+---------+-------+---------+---------+-------
      Total |    3173 |    1823 |  36.5 |     153 |       8 |   5.0
            +---------+---------+-------+---------+---------+-------
        D:1 |      40 |       4 |   9.1 |      26 |       1 |   3.7
        D:2 |      47 |       0 |   0.0 |      23 |       0 |   0.0
        D:3 |     144 |      68 |  32.1 |      27 |       2 |   6.9
        D:4 |     160 |     465 |  74.4 |      20 |       2 |   9.1
        D:5 |     503 |       0 |   0.0 |      17 |       0 |   0.0
        D:6 |    1091 |     274 |  20.1 |      20 |       1 |   4.8
        D:7 |     998 |    1012 |  50.3 |      18 |       2 |  10.0
        D:8 |     190 |       0 |   0.0 |       2 |       0 |   0.0
            +---------+---------+-------+---------+---------+-------

Illustrated notes

Table legend:
 A = Kills in this place as a percentage of kills in entire the game.
 B = Kills by you in this place as a percentage of kills by you in the entire game.
 C = Kills by friends in this place as a percentage of kills by friends in the entire game.
 D = Other kills in this place as a percentage of other kills in the entire game.
 E = Experience gained in this place as a percentage of experience gained in the entire game.
 F = Experience gained in this place divided by the number of levels of this place that you have seen.
                   A       B       C       D       E      F
               +-------+-------+-------+-------+-------+----------------------
         Total | 100.0 | 100.0 |   N/A |   N/A | 100.0 | 555.1
       Dungeon | 100.0 | 100.0 |   N/A |   N/A | 100.0 | 624.5
               +-------+-------+-------+-------+-------+----------------------

Table legend: (Time is in decaauts)
 A = Elapsed time spent in this place.
 B = Non-inter-level travel time spent in this place.
 C = Inter-level travel time spent in this place.
 D = Time resting spent in this place.
 E = Time spent auto-exploring this place.
 F = Levels seen in this place.
 G = Mean time per level.
                   A        B        C        D        E       F      G
               +--------+--------+--------+--------+--------+-----+--------+
         Total |   8588 |   8318 |    270 |    362 |   6606 |   9 |  954.2 |
       Dungeon |   8382 |   8139 |    243 |    362 |   6431 |   8 | 1047.8 |
        Temple |    205 |    179 |     26 |      0 |    175 |   1 |  205.0 |
               +--------+--------+--------+--------+--------+-----+--------+

Top non-repeatable levels by time:
     D:7: 1757 daAuts
     D:4: 1298 daAuts
     D:6: 1151 daAuts
     D:3: 1110 daAuts
     D:5: 1062 daAuts
     D:1: 1029 daAuts
     D:2: 845 daAuts
  Temple: 205 daAuts
     D:8: 127 daAuts
